 Dungeon Crawl Stone Soup version 0.29.1-1-gd02db6906a (webtiles) character file.

Game seed: 17263965394406391349

133 mopl the Poker (level 4, -3/36 HPs)
             Began as a Palentonga Gladiator on Oct 17, 2022.
             Succumbed to a goblin's poison
             ... on level 3 of the Dungeon on Oct 19, 2022.
             The game lasted 00:02:49 (2832 turns).

mopl the Poker (Palentonga Gladiator)               Turns: 2832, Time: 00:02:50

Health: -3/36      AC:  9    Str: 22    XL:     4   Next: 93%
Magic:  4/4        EV:  6    Int:  8    God:
Gold:   151        SH:  0    Dex: 11    Spells: 3/3 levels left

rFire   . . .      SeeInvis +   p - +0 halberd
rCold   . . .      Faith    .   (shield currently unavailable)
rNeg    . . .      Spirit   .   o - +0 chain mail
rPois   .          Reflect  .   c - +0 helmet
rElec   .          Harm     .   (no cloak)
rCorr   .          Rampage  .   b - +0 pair of gloves
Will    .....                   (no barding)
Stlth   ..........              (no amulet)
HPRegen 0.12/turn               (no ring)
MPRegen 0.09/turn               (no ring)

@: lethally poisoned (-3 -> -32)
A: large, rugged brown scales 3, see invisible, deformed body, roll 1, armoured
tail
a: Rolling Charge


You were on level 3 of the Dungeon.
You visited 1 branch of the dungeon, and saw 3 of its levels.

You collected 151 gold pieces.

Inventory:

Hand Weapons
 a - a +0 trident
 p - a +0 halberd (weapon)
Missiles
 d - 3 throwing nets (quivered)
 e - 8 javelins
 k - 4 boomerangs
Armour
 b - a +0 pair of gloves (worn)
 c - a +0 helmet (worn)
 o - a +0 chain mail (worn)
Scrolls
 f - a scroll of noise {unknown}
 g - a scroll of fog {unknown}
 i - a scroll of fear {unknown}
 m - 2 scrolls of enchant weapon {unknown}
 r - a scroll of poison {unknown}
Potions
 h - a potion of cancellation
 j - a potion of haste {unknown}
 l - a potion of magic {unknown}
 n - a potion of curing {unknown}
 q - a potion of might {unknown}
 s - a potion of flight {unknown}


   Skills:
 + Level 2.8 Fighting
 * Level 3.8 Polearms
 - Level 1.3 Throwing
 + Level 1.5 Armour
 + Level 3.0 Dodging


You had 3 spell levels left.
You didn't know any spells.
Your spell library contained the following spells:

 Spells                   Type           Power      Damage    Failure   Level
 Shock                    Conj/Air       0%         1d3       99%         1
 Blink                    Tloc           0%         N/A       99%         2
 Lesser Beckoning         Tloc           0%         N/A       100%        3
 Manifold Assault         Tloc           0%         N/A       100%        5


Dungeon Overview and Level Annotations

Branches:
Dungeon (3/15)

Altars:


Innate Abilities, Weirdness & Mutations

You are completely covered in rugged brown scales. (AC +3, +7% HP)
You have supernaturally acute eyesight. (SInv)
Armour fits poorly on your strangely shaped body.
You can roll at nearby foes to attack.
You have a long armoured tail.


Message History

A hound comes into view.
The hound barks!
You closely miss the hound. The hound bites you. The hound barely misses you.
You barely miss the hound. The hound bites you.
The hound bites you but does no damage.
You hit the hound.
The hound is lightly wounded.
The hound bites you but does no damage. The hound bites you.
The goblin hits you with a +3 dagger of venom.
You are poisoned.
You hit the hound.
The hound is heavily wounded.
You feel very sick. The hound closely misses you.
The goblin hits you but does no damage.
You are more poisoned.
The hound bites you.
You are too injured to fight recklessly!
You are too injured to fight recklessly!
You are too injured to fight recklessly!
You are too injured to fight recklessly!
You are too injured to fight recklessly!
You are too injured to fight recklessly!
You are too injured to fight recklessly!
You are too injured to fight recklessly!
You are too injured to fight recklessly!
Unknown command.
You feel very sick. The hound bites you but does no damage.
The goblin hits you but does no damage.
You are lethally poisoned!
You open the door.
* * * LOW HITPOINT WARNING * * *
You feel very sick. The hound bites you.
* * * LOW HITPOINT WARNING * * *
The goblin hits you with a +3 dagger of venom.
* * * LOW HITPOINT WARNING * * *
You are more poisoned.
The hound bites you but does no damage.
It was a potion of cancellation.
You feel magically purged.
You die...

### ..
##############.#
................#
................+ # #
................#.#..
....................#
..............g..##.#
.............@h.....#
.........####'#......
.........# #.#.#####
# .......†.####.# # #
.........†...># #
##########.#### #.#
#.# ##.#


You could see a hound and a goblin.

Vanquished Creatures
  3 gnolls
  5 adders
  A worm (D:2)
  A dart slug (D:1)
  9 bats
  4 endoplasms
  2 giant cockroaches (D:1)
  6 goblins
  2 hobgoblins (D:1)
  2 jackals (D:1)
  4 quokkas
  2 ball pythons (D:1)
  6 frilled lizards
  4 kobolds
  3 rats
54 creatures vanquished.

Notes
Turn   | Place    | Note
-------+----------+-------------------------------------------
     0 | D:1      | mopl the Palentonga Gladiator began the quest for the Orb.
     0 | D:1      | Reached XP level 1. HP: 17/17 MP: 1/1
   139 | D:1      | Reached XP level 2. HP: 21/23 MP: 2/2
   360 | D:1      | Found a faded altar of an unknown god.
   399 | D:1      | Got Plato's Secrets of Weather
   600 | D:1      | Reached XP level 3. HP: 29/29 MP: 3/3
  1108 | D:2      | Reached skill level 1 in Armour
  1496 | D:2      | Reached XP level 4. HP: 36/36 MP: 4/4
  2832 | D:3      | Succumbed to a goblin's poison

Illustrated notes

Levels and vault maps discovered:
D:1:      psy_arrival_statuary, layout_basic,
          shapermc_ecumenical_altar_rom_forum
D:2:      layout_basic, nicolae_figureground_sparkle
D:3:      layout_basic, ebering_ghost_sewer_d, grunt_decor_arrowhead

Skill      XL: |  1  2  3  4 |
---------------+-------------+-----
Polearms       | 3 |  3.8
Armour         | 1 |  1.5
Dodging        | 3 |  3.0
Fighting       | |  2.8
Throwing       | |  1.3

Action                   |  1- 3 |  4- 6 || total
-------------------------+-------+-------++-------
Melee: Trident           |   108 |    25 ||   133
       Tailslap          |     6 |     6 ||    12
       Halberd           |       |    51 ||    51
  Use: Potion            |       |     1 ||     1
 Stab: Sleeping          |     1 |       ||     1
Armor: Leather armour    |    46 |       ||    46
       Scale mail        |    16 |    23 ||    39
       Chain mail        |       |    20 ||    20
Dodge: Dodged            |    51 |    30 ||    81
